 Dungeon Crawl Stone Soup version 0.27.1-34-g3ba077fa99 (webtiles) character file.

Game seed: 12456454738822738069

263 Atelerd the Sneak (level 6, -10/36 HPs)
             Began as an Octopode Earth Elementalist on Jan 3, 2022.
             Killed by divine providence
             ... invoked by an orc priest
              (11 damage)
             ... on level 4 of the Dungeon.
             The game lasted 00:02:27 (3239 turns).

Atelerd the Sneak (Octopode Earth Elementalist)     Turns: 3239, Time: 00:02:28

Health: -10/36     AC:  1    Str:  8    XL:     6   Next: 19%
Magic:  2/10       EV: 13    Int: 19    God:
Gold:   202        SH:  0    Dex: 12    Spells: 6/11 levels left

rFire    . . .     SeeInvis .   f - +2 rapier (protect)
rCold    . . .     Faith    .   (no shield)
rNeg     . . .     Spirit   .   (helmet restricted)
rPois    .         Reflect  .   (no amulet)
rElec    .         Harm     .   (no ring)
rCorr    .         Rampage  .   (no ring)
Will     .....                  (no ring)
Stlth    ++++......             (no ring)
HPRegen  0.12/turn              (no ring)
MPRegen  0.12/turn              (no ring)
                                (no ring)
                                (no ring)

@: no status effects
A: almost no armour, amphibious, 8 rings, camouflage 1, gelatinous body 1,
(nimble swimmer 1), tentacles
a: no special abilities


You were on level 4 of the Dungeon.
You visited 1 branch of the dungeon, and saw 4 of its levels.

You collected 202 gold pieces.

Inventory:

Hand Weapons
 f - a +2 rapier of protection (weapon)
Missiles
 b - 92 stones
Armour
 o - a +0 buckler
Jewellery
 e - a ring of fire
 h - an amulet of regeneration
Scrolls
 a - a scroll of fear {unknown}
 g - a scroll of fog {unknown}
 k - 4 scrolls of identify {unknown}
 l - a scroll of teleportation {unknown}
 n - a scroll of torment {unknown}
 p - a scroll of brand weapon {unknown}
Potions
 d - a potion of ambrosia {unknown}
 i - a potion of lignification {unknown}
 j - a potion of invisibility {unknown}
 m - a potion of berserk rage {unknown}
 q - a potion of attraction {unknown}
 r - a potion of degeneration {unknown}
 s - a potion of cancellation {unknown}
 t - a potion of brilliance {unknown}


   Skills:
 - Level 0.3 Short Blades
 - Level 2.2 Dodging
 + Level 4.4 Stealth
 + Level 1.8 Shields
 + Level 3.3 Spellcasting
 - Level 2.0 Transmutations
 + Level 4.4 Earth Magic


You had 6 spell levels left.
You knew the following spells:

 Your Spells              Type           Power      Damage    Failure   Level
a - Sandblast             Erth           38%        2d10      2%          1
p - Petrify               Tmut/Erth      15%        N/A       36%         4

Your spell library contained the following spells:

 Spells                   Type           Power      Damage    Failure   Level
 Passwall                 Tmut/Erth      12%        N/A       6%          2
 Stone Arrow              Conj/Erth      22%        3d8       19%         3
 Fireball                 Conj/Fire      1%         3d3       99%         5
 Iskenderun's Battlesphe  Conj           3%         2d6       99%         5
 Conjure Ball Lightning   Conj/Air       1%         3x3d6     100%        6
 Orb of Destruction       Conj           1%         N/A       100%        7


Dungeon Overview and Level Annotations

Branches:
Dungeon (4/15)
 Temple: D:4-7

Altars:
Kikubaaqudgha
Nemelex Xobeh
Okawaru


Innate Abilities, Weirdness & Mutations

You cannot wear most types of armour.
You are amphibious.
You can wear up to eight rings at the same time.
Your skin changes colour to match your surroundings (Stealth+).
Your rubbery body absorbs attacks. (AC +1, EV +1)
((You are camouflaged near water. (Stealth+)))
You have tentacles for arms and can constrict up to eight enemies at once.


Message History

The orc priest barely misses you. The orc hits you with a +0 club.
Casting: Sandblast (safe; 2% risk of failure)
Confirm with . or Enter, or press ? or * to list all spells.
Aiming: Sandblast (safe; 2% risk of failure)
Press: ? - help, Shift-Dir - straight line, f/p - orc priest
Aim: an orc priest, wielding a +0 short sword and wearing a +0 ring mail (lightly wounded, 82% to hit)
The blast of sand hits the orc priest.
The orc priest is moderately wounded.
The orc priest hits you with a +0 short sword.
The orc closely misses you.
Unknown command.
Casting: Sandblast (safe; 2% risk of failure)
Confirm with . or Enter, or press ? or * to list all spells.
Aiming: Sandblast (safe; 2% risk of failure)
Press: ? - help, Shift-Dir - straight line, f/p - orc priest
Aim: an orc priest, wielding a +0 short sword and wearing a +0 ring mail (moderately wounded, 82% to hit)
The blast of sand hits the orc priest but does no damage.
The orc priest is moderately wounded.
The orc priest hits you with a +0 short sword.
* * * LOW HITPOINT WARNING * * *
The orc barely misses you.
Unknown command.
Casting: Sandblast (safe; 2% risk of failure)
Confirm with . or Enter, or press ? or * to list all spells.
Aiming: Sandblast (safe; 2% risk of failure)
Press: ? - help, Shift-Dir - straight line, f/p - orc priest
Aim: an orc priest, wielding a +0 short sword and wearing a +0 ring mail (moderately wounded, 82% to hit)
The blast of sand hits the orc priest.
The orc priest is heavily wounded.
The orc priest hits you with a +0 short sword.
* * * LOW HITPOINT WARNING * * *
The orc hits you with a +0 club.
* * * LOW HITPOINT WARNING * * *
Unknown command.
Okay, then.
You barely miss the orc priest. Your grab misses the orc priest.
The orc priest is heavily wounded.
The orc priest mumbles some strange prayers to Beogh against you.
Beogh smites you!
You die...

............................
............................
............................
..[.........................
............................
#+##+#############......####
#........'......#
#........#......#
#..@.....#......#
#.oo##...#......#
##)###...##+##....
#............#....
#...o........#....
#............#
#...##....##.# ######)####
.# +..............


You could see an orc priest and an orc.

Vanquished Creatures
  A necrophage (D:4)
  A hound (D:4)
  An orc wizard (D:4)
  3 adders
  An adder skeleton (D:4)
  2 worms
  2 orcs (D:4)
  7 ball pythons
  3 bats
  4 endoplasms
  2 giant cockroaches (D:1)
  9 goblins
  4 hobgoblins
  6 jackals
  14 kobolds
  5 quokkas
  3 frilled lizards
  5 rats
73 creatures vanquished.

Notes
Turn   | Place    | Note
-------+----------+-------------------------------------------
     0 | D:1      | Atelerd the Octopode Earth Elementalist began the quest for
                  | the Orb.
     0 | D:1      | Reached XP level 1. HP: 11/11 MP: 3/3
   251 | D:1      | Reached XP level 2. HP: 13/17 MP: 3/5
   534 | D:1      | Reached XP level 3. HP: 21/21 MP: 6/6
  1257 | D:2      | Reached XP level 4. HP: 24/25 MP: 7/7
  1845 | D:3      | Found an iron altar of Okawaru.
  2451 | D:4      | Found an ancient bone altar of Kikubaaqudgha.
  2453 | D:4      | Found a sparkling altar of Nemelex Xobeh.
  2502 | D:4      | Reached XP level 5. HP: 13/31 MP: 4/9
  2987 | D:4      | Noticed a necrophage
  2994 | D:4      | Reached skill level 1 in Shields
  3001 | D:4      | Killed a necrophage
  3002 | D:4      | Reached XP level 6. HP: 25/36 MP: 10/10
  3105 | D:4      | Learned a level 4 spell: Petrify
  3222 | D:4      | HP: 1/36 [orc priest/divine providence (11)]
  3238 | D:4      | HP: 1/36 [orc (4)]
  3239 | D:4      | Killed from afar by an orc priest

Illustrated notes

Levels and vault maps discovered:
D:1:      dpeg_arrival_rhombi, layout_basic
D:2:      layout_basic, minmay_misc_feat_pillars
D:3:      layout_basic, lemuel_coloured_pillars_altar
D:4:      layout_gridville, jmf_multi_god_temple

Skill      XL: |  1  2  3  4  5 |
---------------+----------------+-----
Stealth        | 3 4 |  4.4
Transmutations | 2 |  2.0
Earth Magic    | 4 |  4.4
Shields        | 1 |  1.8
Spellcasting   | 3 |  3.3
Short Blades   | |  0.3
Dodging        | |  2.2

Action                   |  1- 3 |  4- 6 || total
-------------------------+-------+-------++-------
Melee: Unarmed           |     6 |       ||     6
       Constrict         |    17 |    13 ||    30
       Tentacles         |     9 |    11 ||    20
       Rapier            |    51 |    65 ||   116
 Cast: Sandblast         |     8 |    16 ||    24
  Use: Potion            |       |     2 ||     2
 Stab: Sleeping          |     8 |     7 ||    15
Armor: Skin              |     9 |    20 ||    29
Dodge: Dodged            |    31 |    73 ||   104
